 Dungeon Crawl Stone Soup version 0.28-a0-723-g095bd1b44f (webtiles) character file.

Game seed: 17443814897053833061

603 timneilson the Covered (level 7, -1/66 HPs)
             Began as a Gargoyle Fighter on Oct 25, 2021.
             Slain by a killer bee (5 damage)
             ... on level 4 of the Dungeon.
             The game lasted 00:07:54 (4321 turns).

timneilson the Covered (Gargoyle Fighter)           Turns: 4321, Time: 00:07:55

Health: -1/66      AC: 23    Str: 22    XL:     7   Next: 42%
Magic:  7/7        EV:  2    Int:  8    God:
Gold:   255        SH:  4    Dex:  9    Spells: 6/6 levels left

rFire   . . .      SeeInvis .   a - +0 long sword
rCold   . . .      Faith    .   c - +0 buckler
rNeg    + . .      Spirit   .   (armour currently unavailable)
rPois   ∞          Reflect  .   (helmet currently unavailable)
rElec   .          Harm     .   (cloak currently unavailable)
rCorr   .          Rampage  .   (gloves currently unavailable)
Will    .....      NoTele   +   (boots currently unavailable)
Stlth   +.........              (no amulet)
HPRegen 0.21/turn               (no ring)
MPRegen 0.10/turn               (no ring)

@: tree-form
A: stationary, stasis, torment immunity, boosted hp, sickness immunity, AC +4,
negative energy resistance 1, (electricity resistance), torment resistance 1,
petrification resistance
a: no special abilities


You were on level 4 of the Dungeon.
You were a tree.
You visited 1 branch of the dungeon, and saw 5 of its levels.

You collected 255 gold pieces.

Inventory:

Hand Weapons
 a - a +0 long sword (weapon)
Armour
 b - a +0 scale mail (melded)
 c - a +0 buckler (worn)
 i - a +0 pair of gloves (melded)
 l - a +1 cloak (melded)
Wands
 d - a wand of iceblast (19)
Scrolls
 m - a scroll of magic mapping
 n - a scroll of fog
Potions
 f - a potion of flight
 g - 2 potions of curing
 h - 2 potions of brilliance
 j - a potion of ambrosia {unknown}
 k - a potion of cancellation
 o - a potion of heal wounds {unknown}


   Skills:
 + Level 4.3 Fighting
 * Level 3.7 Long Blades
 * Level 5.4 Armour
 + Level 1.9 Dodging
 * Level 5.3 Shields
 + Level 0.8 Evocations


You had 6 spell levels left.
You didn't know any spells.
Your spell library contained the following spells:

 Spells                   Type           Power      Damage    Failure   Level
 Stone Arrow              Conj/Erth      0%         3d7       78%         3
 Animate Armour           Summ/Erth      0%         N/A       99%         4
 Passage of Golubria      Tloc           0%         N/A       99%         4
 Silence                  Hex/Air        0%         N/A       100%        5
 Lehudib's Crystal Spear  Conj/Erth      0%         10d2      100%        8


Dungeon Overview and Level Annotations

Branches:
Dungeon (5/15)
 Temple: D:4-7

Altars:
Ru
Uskayaw
Wu Jian

Shops:
D:2 !   D:3 *   D:4 *


Innate Abilities, Weirdness & Mutations

You are a tree.
Your roots penetrate the ground, keeping you stationary.
You cannot be teleported.
You are immune to unholy pain and torment.
Your maximum health is greatly increased.
Your equipment is partially melded.
You are immune to sickness and miasma.
((Your stone body is resilient. (AC +4)))
You are immune to poison.
You resist negative energy. (rN+)
((You are resistant to electric shocks. (rElec)))
You are resistant to unholy torment.
You are immune to petrification.


Message History

The killer bee stings you but does no damage. x4
You block the killer bee's attack.
The killer bee stings you but does no damage. x2
Unknown command.
You miss the killer bee.
The killer bee is moderately wounded.
The killer bee stings you but does no damage. x4
You block the killer bee's attack.
The killer bee stings you but does no damage. x4
You hit the killer bee.
The killer bee is heavily wounded.
The killer bee barely misses you.
The killer bee stings you but does no damage. x2
The killer bee stings you.
* * * LOW HITPOINT WARNING * * *
The killer bee stings you but does no damage. x2
The killer bee stings you.
* * * LOW HITPOINT WARNING * * *
The killer bee stings you but does no damage.
The killer bee stings you.
* * * LOW HITPOINT WARNING * * *
You closely miss the killer bee.
The killer bee is heavily wounded.
The killer bee stings you but does no damage. x6
The killer bee stings you.
* * * LOW HITPOINT WARNING * * *
The killer bee stings you but does no damage. x4
Unknown command.
You miss the killer bee.
The killer bee is heavily wounded.
The killer bee stings you.
* * * LOW HITPOINT WARNING * * *
The killer bee stings you but does no damage. x2
The killer bee stings you.
* * * LOW HITPOINT WARNING * * *
The killer bee stings you but does no damage. x5
You slash the killer bee!
You kill the killer bee!
You block the killer bee's attack. The killer bee stings you.
You die...

########'## #........# #...##
#####.#### # #############..##
##.## ###...#..#..#[#...##
##...###
..###...##.##.#....####......#
....###....#..#....'.......#.#
......###....##....####......#
##......###...#yyy## ##.#.###
.###......###)#.♣## ###.#
...###......#'#†## #.#
##...###......### #.#
.##..##......## #.#
..†.##......### #.#
#..##......##.############.#
..##......##..#.#........(.#
.##......##..##...#######..#
##......##....#.#.##.......#


You could see 3 killer bees.

Vanquished Creatures
  An ogre (D:4)
  A necrophage (D:5)
  A kobold brigand (D:4)
  A bullfrog (D:4)
  A killer bee (D:4)
  A howler monkey (D:4)
  A bullfrog skeleton (D:4)
  Crazy Yiuf (D:2)
  Jessica (D:3)
  Terence (D:2)
  A howler monkey skeleton (D:4)
  5 adders
  A white imp (D:4)
  An adder skeleton (D:4)
  2 worms
  The ghost of flotson the Sneak, a weakling DsDe (D:4)
  5 dart slugs
  An orc (D:4)
  7 ball pythons
  3 endoplasms
  3 giant cockroaches
  7 goblins
  5 hobgoblins
  A jackal (D:4)
  A quokka (D:2)
  3 bats
  A frilled lizard (D:1)
  17 kobolds
  7 rats
82 creatures vanquished.

Notes
Turn   | Place    | Note
-------+----------+-------------------------------------------
     0 | D:1      | timneilson the Gargoyle Fighter began the quest for the
                  | Orb.
     0 | D:1      | Reached XP level 1. HP: 14/14 MP: 1/1
   322 | D:1      | Reached XP level 2. HP: 19/19 MP: 2/2
   786 | D:2      | Found a runed translucent door.
   787 | D:2      | Noticed Crazy Yiuf
  1026 | D:2      | Found Wiuhopatz's Distillery.
  1037 | D:2      | Reached XP level 3. HP: 20/23 MP: 3/3
  1322 | D:2      | Noticed Terence
  1333 | D:2      | Killed Terence
  1344 | D:2      | Reached XP level 4. HP: 22/28 MP: 4/4
  1669 | D:2      | Killed Crazy Yiuf
  1670 | D:2      | Reached skill level 1 in Dodging
  1937 | D:3      | Found an ornate altar of the Wu Jian Council.
  2030 | D:3      | Found a hide-covered altar of Uskayaw.
  2062 | D:3      | Found Umaq's Assorted Antiques.
  2106 | D:3      | Noticed Jessica
  2110 | D:3      | Killed Jessica
  2111 | D:3      | Reached XP level 5. HP: 26/33 MP: 5/5
  2232 | D:3      | Found a sacrificial altar of Ru.
  2710 | D:4      | Reached XP level 6. HP: 31/38 MP: 6/6
  2913 | D:4      | Found a runed translucent gate.
  2913 | D:4      | Found a runed translucent gate.
  2913 | D:4      | Found a runed translucent gate.
  2915 | D:4      | Noticed flotson's ghost (weakling DsDe)
  2933 | D:4      | Killed flotson's ghost
  3428 | D:4      | Reached skill level 5 in Armour
  3782 | D:4      | Found Heycw's General Store.
  3884 | D:4      | Reached skill level 5 in Shields
  3963 | D:4      | Reached XP level 7. HP: 35/43 MP: 7/7
  4182 | D:5      | Entered Level 5 of the Dungeon
  4320 | D:4      | HP: 3/66 [killer bee (3)]
  4321 | D:4      | Slain by a killer bee

Illustrated notes

Levels and vault maps discovered:
D:1:      dpeg_arrival_refuge, layout_loops_ring
D:2:      layout_loops_ring, serial_shops, nicolae_square_shop,
          uniq_crazy_yiuf_cottage, uniq_terence
D:3:      layout_loops_ring, lemuel_crystal_altar,
          nicolae_overflow_crystal_walls, nicolae_ru_awakened_eye, serial_shops,
          nicolae_shop_waterfront, uniq_jessica
D:4:      minmay_razor_zed, layout_loops_corners, serial_shops,
          nicolae_shop_crystal, gammafunk_ghost_nasty_kobolds, amethyst_killhole
D:5:      layout_gridville, makhleb_grotto_becter, minmay_temple_entry_tees,
          uniq_sigmund

Skill      XL: |  1  2  3  4  5  6 |
---------------+-------------------+-----
Long Blades    | 2 3 |  3.7
Armour         | 4 5 |  5.4
Dodging        | 1 |  1.9
Shields        | 4 5 |  5.3
Fighting       | 4 |  4.3
Evocations     | |  0.8

Action                   |  1- 3 |  4- 6 |  7- 9 || total
-------------------------+-------+-------+-------++-------
Melee: Long sword        |   106 |   215 |    27 ||   348
  Use: Scroll            |     4 |     7 |     2 ||    13
       Potion            |       |     1 |     1 ||     2
Armor: Scale mail        |    48 |   106 |    26 ||   180
       Skin              |       |       |    61 ||    61
Dodge: Dodged            |    58 |   120 |    37 ||   215
Block: Buckler           |    16 |    45 |    17 ||    78

Table legend: (Time is in decaauts)
 A = Elapsed time spent in this place.
 B = Non-inter-level travel time spent in this place.
 C = Inter-level travel time spent in this place.
 D = Time resting spent in this place.
 E = Time spent auto-exploring this place.
 F = Levels seen in this place.
 G = Mean time per level.
                   A        B        C        D        E       F      G
               +--------+--------+--------+--------+--------+-----+--------+
         Total |   4399 |   4180 |    219 |      0 |   3306 |   5 |  879.8 |
       Dungeon |   4399 |   4180 |    219 |      0 |   3306 |   5 |  879.8 |
               +--------+--------+--------+--------+--------+-----+--------+

Top non-repeatable levels by time:
     D:4: 1657 daAuts
     D:2: 1152 daAuts
     D:3: 794 daAuts
     D:1: 665 daAuts
     D:5: 129 daAuts
